 Dungeon Crawl Stone Soup version 0.22-a0-351-g29664b4 (webtiles) character file.

10784 mortelune the Scholar of Death (level 11, -4/82 HPs)
             Began as a Deep Dwarf Necromancer on Apr 13, 2018.
             Was a Follower of Kikubaaqudgha.
             Slain by a komodo dragon (22 damage)
             ... on level 3 of the Lair of Beasts.
             The game lasted 01:06:56 (16679 turns).

mortelune the Scholar of Death (DDNe)              Turns: 16679, Time: 01:06:57

Health: -4/82      AC:  8    Str: 11    XL:     11   Next: 40%
Magic:  10/21      EV: 19    Int: 22    God:    Kikubaaqudgha [*.....]
Gold:   479        SH:  0    Dex: 13    Spells: 8/26 levels left

rFire    . . .     SeeInvis .   G - +3 flail
rCold    + . .     Gourm    .   (no shield)
rNeg     . . .     Faith    .   a - +0 robe
rPois    .         Spirit   .   E - +2 hat
rElec    .         Reflect  .   r - +1 cloak
rCorr    .         Harm     .   (no gloves)
MR       +....                  s - +1 pair of boots
Stlth    ++........             l - amulet of rage
HPRegen  0.00/turn              t - +3 ring of evasion
MPRegen  0.17/turn              F - ring of flight

@: non-regenerating
A: damage resistance, heal wounds, talons 1, clever 1, cold resistance 1, sense
surroundings 2, no regeneration
a: Heal Wounds, Receive Corpses, Renounce Religion, Evoke Berserk Rage, Evoke
Flight


You were on level 3 of the Lair of Beasts.
You worshipped Kikubaaqudgha.
Kikubaaqudgha was aware of your devotion.
You were hungry.

You visited 3 branches of the dungeon, and saw 13 of its levels.

You collected 479 gold pieces.

Inventory:

Hand Weapons
 e - a +0 dagger
 f - a +0 mace
 n - a +1 spear of venom
 p - a cursed -2 spear
 G - a +3 flail (weapon)
 H - a +5 flail
Missiles
 J - 2 throwing nets (quivered)
Armour
 a - a +0 robe (worn)
 r - a +1 cloak (worn)
 s - a +1 pair of boots (worn)
 B - a +0 buckler
 E - a +2 hat (worn)
Jewellery
 l - an amulet of rage (around neck)
 q - an uncursed amulet of harm {unknown}
 t - a +3 ring of evasion (left hand)
 w - an uncursed amulet of faith
 F - a ring of flight (right hand)
Wands
 C - a wand of disintegration (11)
 I - a wand of acid (7)
 K - a wand of digging (9)
Scrolls
 d - a scroll of teleportation
 i - 2 scrolls of remove curse
 j - 3 scrolls of fog
 m - 6 scrolls of fear
 u - a scroll of magic mapping {unknown}
 v - 2 scrolls of amnesia
 x - a scroll of random uselessness {unknown}
 y - 2 scrolls of enchant weapon {unknown}
 z - a scroll of brand weapon {unknown}
 D - 3 scrolls of identify
Potions
 g - 3 potions of degeneration
 h - 4 potions of flight
 k - 2 potions of agility
 o - 3 potions of heal wounds
 A - a potion of brilliance
Comestibles
 b - 6 chunks of flesh
 c - 9 rations


   Skills:
 + Level 0.7 Fighting
 - Level 6.8 Dodging
 - Level 3.0 Stealth
 + Level 8.0 Spellcasting
 * Level 10.1 Conjurations
 + Level 10.9 Necromancy


You had 8 spell levels left.
You knew the following spells:

 Your Spells              Type           Power        Failure   Level  Hunger
a - Pain                  Necr           ####         1%          1    None
b - Animate Skeleton      Necr           N/A          1%          1    None
c - Vampiric Draining     Necr           ######....   1%          3    None
d - Animate Dead          Necr           N/A          1%          4    ###....
e - Searing Ray           Conj           ######       1%          2    None
f - Conjure Flame         Conj/Fire      ####....     2%          3    None
q - Iskenderun's Mystic   Conj           ######..     1%          4    ###....


Dungeon Overview and Level Annotations

Branches:
Dungeon (9/15)             Temple (1/1) D:7            Lair (3/6) D:8
 Shoals (0/4) Lair:2
  Snake: Lair:2-4    Spider: Lair:2-4       Orc: D:9-12

Altars:
Ashenzari
Cheibriados
Dithmenos
Elyvilon
Fedhas
Hepliaklqana
Kikubaaqudgha
Makhleb
Nemelex Xobeh
Okawaru
Qazlal
Ru
Sif Muna
Trog
Uskayaw
Vehumet
Wu Jian
Xom
Yredelemnul
Zin
The Shining One

Shops:
D:7 }   D:8 [

Annotations:
D:6 2 transporters
D:9 Joseph, Maurice


Innate Abilities, Weirdness & Mutations

You are resistant to damage.
You can heal yourself by infusing magical energy.
You passively map the area around you.
You do not regenerate.
You have sharp toenails.
Your mind is acute. (Int +2)
Your flesh is cold resistant. (rC+)


Message History

The komodo dragon is heavily wounded.
You feel life coursing into your body.
You are feeling hungry.
The komodo dragon completely misses you.
Casting: Vampiric Draining (safe; 1% risk of failure)
Confirm with . or Enter, or press ? or * to list all spells.
Aiming: Vampiric Draining (safe; 1% risk of failure)
Press: ? - help, Shift-Dir - straight line, f/p - komodo dragon
Aim: a komodo dragon (heavily wounded)
The komodo dragon is severely wounded.
You feel life coursing into your body. The komodo dragon closely misses you.
Casting: Vampiric Draining (safe; 1% risk of failure)
Confirm with . or Enter, or press ? or * to list all spells.
Aiming: Vampiric Draining (safe; 1% risk of failure)
Press: ? - help, Shift-Dir - straight line, f/p - komodo dragon
Aim: a komodo dragon (severely wounded)
The komodo dragon is almost dead.
You feel life coursing into your body. The komodo dragon bites you!!
You die...
Kikubaaqudgha rasps: "You have failed me!
Welcome... death!"

* * * , ,,**
.....#### ,,
......#.#* *
, #.......,,
, ,*
####.....#* *
* , *
#.......# * *
##.......## ,
,* ***
##..?......#
#.....@....#,
, *
#.....l...##
* , ,, ,
..........#.#
*, ,,
..........#
%., , ,
..........# ,
. ,
.....#[#..#
,+ , ,,
.....## #..**
* , , , ....#
* ,..# , , *
, , * * , *


You could see a komodo dragon.

Vanquished Creatures
  A hydra (Lair:1)
  A two-headed ogre (D:7)
  3 elephants
  A black mamba (Lair:1)
  2 komodo dragons (Lair:1)
  2 spiny frogs (Lair:1)
  5 hippogriffs
  2 wyverns (D:8)
  4 yaks
  A basilisk (D:8)
  4 water moccasins
  3 porcupines (Lair:2)
  2 ice beasts
  An orc warrior (D:7)
  3 black bears
  2 sky beasts
  4 ogres
  6 crocodiles
  6 centaurs
  2 bullfrogs (D:7)
  A wyvern zombie (D:8)
  2 scorpions
  2 killer bees
  8 wights
  A howler monkey (D:6)
  An electric eel (Lair:1)
  3 crimson imps (D:6)
  A centaur zombie (D:8)
  2 bullfrog zombies
  4 hounds
  2 orc priests
  A gnoll shaman (D:8)
  2 jellies
  8 orc wizards
  3 iguanas
  9 worker ants
  A hound zombie (D:5)
  A howler monkey skeleton (D:4)
  6 adders
  4 gnolls (D:8)
  A shadow imp (D:7)
  2 oozes
  An adder skeleton (D:4)
  A dart slug (D:2)
  3 worms
  2 leopard geckos
  23 orcs
  6 bats
  5 giant cockroaches
  15 goblins
  5 hobgoblins
  8 jackals
  8 quokkas
  4 frilled lizards
  6 kobolds
  A leopard gecko skeleton (D:5)
  A quokka skeleton (D:5)
  A quokka zombie (D:5)
  6 rats
216 creatures vanquished.

Vanquished Creatures (collateral kills)
  A hippogriff (Lair:2)
  A yak (Lair:2)
  2 water moccasins (Lair:1)
  An ogre (D:7)
  A centaur (Lair:2)
  A bullfrog (Lair:2)
  The ghost of Amnesiac the Skirmisher, a weakling OgFi (D:4)
  2 killer bees (D:7)
  A wight (D:8)
  A centaur skeleton (D:5)
  A worker ant (D:7)
  An adder (D:2)
  2 orcs
  A hobgoblin (D:2)
  2 jackals (D:6)
  A butterfly (Lair:1)
20 creatures vanquished.

Vanquished Creatures (others)
  A fungus (Lair:2)
1 creature vanquished.

Grand Total: 237 creatures vanquished

Notes
Turn   | Place    | Note
-------+----------+-------------------------------------------
     0 | D:1      | mortelune the Deep Dwarf Necromancer began the quest for the Orb.
     0 | D:1      | Reached XP level 1. HP: 15/15 MP: 3/3
     2 | D:1      | Learned a level 1 spell: Animate Skeleton
   446 | D:1      | Reached XP level 2. HP: 22/22 MP: 1/5
  1265 | D:2      | Noticed an ogre
  1410 | D:2      | Reached XP level 3. HP: 19/28 MP: 2/6
  1453 | D:2      | Learned a level 3 spell: Vampiric Draining
  1656 | D:2      | Found a sparkling altar of Nemelex Xobeh.
  1656 | D:2      | Found a glowing golden altar of the Shining One.
  2359 | D:3      | Reached skill level 5 in Necromancy
  2359 | D:3      | Reached XP level 4. HP: 25/36 MP: 0/7
  3476 | D:3      | Reached XP level 5. HP: 34/42 MP: 1/9
  3727 | D:3      | Found a faded altar of an unknown god.
  3805 | D:3      | Learned a level 4 spell: Animate Dead
  4034 | D:3      | Found a deep blue altar of Sif Muna.
  4262 | D:4      | Reached XP level 6. HP: 44/49 MP: 1/10
  4369 | D:4      | Learned a level 2 spell: Searing Ray
  4671 | D:4      | Noticed Amnesiac's ghost (weakling OgFi)
  4691 | D:4      | Killed Amnesiac's ghost
  4691 | D:4      | Reached skill level 1 in Conjurations
  5087 | D:5      | Entered Level 5 of the Dungeon
  5321 | D:5      | Reached XP level 7. HP: 42/55 MP: 8/12
  5459 | D:5      | Reached skill level 5 in Dodging
  7016 | D:6      | Reached XP level 8. HP: 61/62 MP: 8/14
  7093 | D:6      | Found a bloodstained altar of Trog.
  7238 | D:6      | Found a transporter.
  7296 | D:6      | Found a transporter.
  8023 | D:6      | Found a glowing silver altar of Zin.
  8138 | D:6      | Learned a level 3 spell: Conjure Flame
  8283 | D:6      | Reached skill level 5 in Spellcasting
  8388 | D:7      | Found a hide-covered altar of Uskayaw.
  8521 | D:7      | Noticed a two-headed ogre
  8822 | D:7      | Found a staircase to the Ecumenical Temple.
  8832 | Temple   | Entered the Ecumenical Temple
  9017 | Temple   | Became a worshipper of Kikubaaqudgha
  9109 | D:7      | Found a hide-covered altar of Uskayaw.
  9436 | D:7      | Found Hovvusch's Gadget Emporium.
  9804 | D:7      | Gained mutation: You passively map the area around you. [Deep Dwarf growth]
  9804 | D:7      | Reached XP level 9. HP: 40/68 MP: 13/17
  9976 | D:7      | Reached skill level 5 in Conjurations
 10365 | D:7      | Found a snail-covered altar of Cheibriados.
 10412 | D:7      | Killed a two-headed ogre
 10643 | D:8      | Reached * piety under Kikubaaqudgha
 10643 | D:8      | Identified Kikubaaqudgha's Handbook of Black Rites (Kikubaaqudgha gifted it to you on level 8 of the Dungeon)
 10643 | D:8      | Received a gift from Kikubaaqudgha
 10904 | D:8      | Reached XP level 10. HP: 73/75 MP: 13/19
 11077 | D:8      | Found Waongu's Armour Boutique.
 11572 | D:8      | Noticed an elephant
 12103 | D:8      | Killed an elephant
 12293 | D:8      | Found a staircase to the Lair.
 12927 | D:9      | Noticed Maurice
 12927 | D:9      | Noticed Joseph
 12951 | Lair:1   | Entered Level 1 of the Lair of Beasts
 12957 | Lair:1   | Noticed a black mamba
 12963 | Lair:1   | Killed a black mamba
 12963 | Lair:1   | Reached skill level 10 in Necromancy
 13112 | Lair:1   | Noticed a spiny frog
 13125 | Lair:1   | Killed a spiny frog
 13131 | Lair:1   | Gained mutation: You have sharp toenails. [potion of mutation]
 13131 | Lair:1   | Gained mutation: Your flesh is cold resistant. (rC+) [potion of mutation]
 13131 | Lair:1   | Gained mutation: Your mind is acute. (Int +2) [potion of mutation]
 13737 | Lair:1   | Noticed a spiny frog
 13745 | Lair:1   | Killed a spiny frog
 14246 | Lair:1   | Noticed a five-headed hydra
 14255 | Lair:1   | Killed a five-headed hydra
 14255 | Lair:1   | Reached XP level 11. HP: 56/81 MP: 5/21
 14824 | Lair:1   | Learned a level 4 spell: Iskenderun's Mystic Blast
 14903 | Lair:2   | Found a glowing golden altar of the Shining One.
 15696 | Lair:2   | Reached skill level 10 in Conjurations
 15851 | Lair:2   | Found a staircase to the Shoals.
 16676 | Lair:3   | HP: 3/82 [komodo dragon (20)]
 16679 | Lair:3   | Slain by a komodo dragon

Vault maps used:
D:1:      eino_arrival_water_star, kennysheep_another_room
D:2:      gammafunk_temple_overflow_wave
D:3:      nicolae_overflow_hidden_temple, chequers_ecumenical_altar_simple_redux
D:4:      minmay_crystal_water
D:5:      first_ration
D:6:      gammafunk_cloud_chamber, trog_ov_bears_minmay, zin_statuary,
          kennysheep_big_empty_room, skrybe_limestone_x
D:7:      cheibriados_altar_1, lemuel_round_altar, temple_green, serial_shops,
          shop, basic_altar
D:8:      david_lair_generic, serial_shops, shop
D:9:      hangedman_ranch, uniq_maurice, uniq_joseph
Temple:   regret_index_temple_generic_petals
Lair:1:   serial_bayou_shore_a, grunt_megastairs_4, infiniplex_staircase_pool,
          lemuel_fruit_fields, lemuel_fruit_fields
Lair:2:   shoals_dummy_entry, lemuel_centaur_altar
Lair:3:   kennysheep_abandoned_house, minmay_lair_oklob_chamber

Skill      XL: |  1  2  3  4  5  6  7  8  9 10 11 |
---------------+----------------------------------+-----
Spellcasting   | 2 3 4 5 6 7 8 |  8.0
Stealth        | 3 |  3.0
Dodging        | 3 4 5 6 |  6.8
Necromancy     | 5 6 7 8 9 10 | 10.9
Conjurations   | 1 2 4 7 9 10 | 10.1
Fighting       | |  0.7

Action                   |  1- 3 |  4- 6 |  7- 9 | 10-12 || total
-------------------------+-------+-------+-------+-------++-------
Melee: Unarmed           |     7 |       |       |       ||     7
       Dagger            |     1 |       |       |       ||     1
       Mace              |     1 |       |       |       ||     1
       Spear             |     6 |    77 |   125 |       ||   208
       Flail             |       |       |    74 |   121 ||   195
 Cast: Pain              |    41 |    54 |   106 |    82 ||   283
       Animate Skeleton  |     7 |     4 |     3 |     1 ||    15
       Vampiric Draining |    10 |    30 |    70 |   111 ||   221
       Animate Dead      |       |     4 |    13 |    19 ||    36
       Searing Ray       |       |     3 |    48 |    40 ||    91
       Conjure Flame     |       |       |     2 |     4 ||     6
       Iskenderun's Myst |       |       |       |    12 ||    12
Invok: Receive Corpses   |       |       |       |     2 ||     2
 Abil: Heal Wounds       |     1 |       |     1 |     8 ||    10
  Use: Scroll            |     4 |     2 |     2 |     9 ||    17
       Potion            |       |       |       |     8 ||     8
 Stab: Distracted        |       |       |       |     1 ||     1
  Eat: Chunk             |     6 |    13 |    18 |     9 ||    46
       Ration            |       |       |     2 |     4 ||     6
Armor: Robe              |     6 |    26 |    62 |   116 ||   210
Dodge: Dodged            |    30 |    94 |   366 |   385 ||   875

Table legend:
 A = Spawn XP
 B = Non-spawn XP
 C = Spawn XP percentage of total XP
 D = Spawn monster count
 E = Non-spawn monster count
 F = Spawn count percentage of total count
 G = Total turns spent on level
                    A         B        C        D         E        F      G
               +---------+---------+-------+---------+---------+-------+---------
         Total |       0 |   15407 |   0.0 |       0 |     235 |   0.0 | 16679
               +---------+---------+-------+---------+---------+-------+---------
           D:1 |       0 |      29 |   0.0 |       0 |      18 |   0.0 |  1281
           D:2 |       0 |     218 |   0.0 |       0 |      20 |   0.0 |  1453
           D:3 |       0 |     209 |   0.0 |       0 |      28 |   0.0 |  1811
           D:4 |       0 |     301 |   0.0 |       0 |      23 |   0.0 |  1043
           D:5 |       0 |     590 |   0.0 |       0 |      21 |   0.0 |  1312
           D:6 |       0 |     938 |   0.0 |       0 |      25 |   0.0 |  1512
           D:7 |       0 |    3082 |   0.0 |       0 |      36 |   0.0 |  2275
           D:8 |       0 |    2637 |   0.0 |       0 |      28 |   0.0 |  1917
        Temple |       0 |     294 |   0.0 |       0 |       4 |   0.0 |   473
        Lair:1 |       0 |    4473 |   0.0 |       0 |      16 |   0.0 |  1905
        Lair:2 |       0 |    2636 |   0.0 |       0 |      16 |   0.0 |  1646
               +---------+---------+-------+---------+---------+-------+---------
